 Dungeon Crawl Stone Soup version 0.32-a0-931-g5a2cda0630 (webtiles) character file.

Game seed: 1150105350249498428

280543 eibelandr the Unseen (level 19, -7/214 HPs)
             Began as a Vampire Ice Elementalist on Apr 11, 2024.
             Was a High Priest of Sif Muna.
             Killed by an exploding ball lightning (11 damage)
             ... on level 3 of the Vaults on Apr 13, 2024.
             The game lasted 03:56:40 (51563 turns).

eibelandr the Unseen (Vampire Ice Elementalist)    Turns: 51563, Time: 03:56:40

Health: -7/214     AC: 42    Str:  7    XL:     19   Next: 68%
Magic:  22/37      EV:  2    Int: 29    God:    Sif Muna [*****.]
Gold:   2312       SH:  0    Dex: 15    Spells: 5/46 levels left

rFire   + . .        P - staff of cold
rCold   + + .        F - orb {*channel}
rNeg    + . .        q - melded +7 ring mail of the Bouncing Realms {Str+3 Stlth+}
rPois   +            M - melded +0 helmet of Precision Catastrophes {rElec rCorr}
rElec   .            a - melded +0 cloak
rCorr   .            G - melded +2 pair of gloves
SInv    +            H - melded +1 pair of boots
Will    ++...        d - amulet of magic regeneration
Stlth   ++++++       o - ring "Icoez" {+Blink rF+ rC+ rN+ Int+4}
HPRegen 0.75/turn    x - ring of willpower
MPRegen 0.65/turn

%: channel magic (20%)
@: lethally poisoned (-7 -> -8), ice-armoured, tree-form, marked, freezing
walls, healing quickly
A: stationary, stasis, torment immunity, boosted hp, alive, (fangs 3), see
invisible, vampiric 2
}: 2/15 runes: decaying, serpentine
a: Exsanguinate, Renounce Religion, Evoke Blink, Channel Magic, Forget Spell,
Divine Exegesis


You were on level 3 of the Vaults.
You worshipped Sif Muna.
Sif Muna was extremely pleased with you.
You were a tree.
You visited 8 branches of the dungeon, and saw 35 of its levels.
You also visited: Sewer, Gauntlet and Volcano.

You collected 3828 gold pieces.
You spent 1516 gold pieces at shops.

Inventory:

Hand Weapons
 p - the +5 lajatang "Jorimeol" {freeze, rN+ Will++}
   (You acquired it on level 1 of the Lair of Beasts)

   rN+:       It protects you from negative energy.
   Will++:    It greatly increases your willpower.
Armour
 a - a +0 cloak (melded)
 q - the +7 ring mail of the Bouncing Realms (melded) {Str+3 Stlth+}
   (You took it off a minotaur in a Gauntlet)

   Str+3:     It affects your strength (+3).
   Stlth+:    It makes you more stealthy.
 F - an orb of energy (worn)
 G - a +2 pair of gloves (melded)
 H - a +1 pair of boots (melded)
 M - the +0 helmet of Precision Catastrophes (melded) {rElec rCorr}
   (You found it on level 14 of the Dungeon)

   rElec:     It insulates you from electricity.
   rCorr:     It protects you from acid and corrosion.
Magical Staves
 P - a staff of cold (weapon)
Jewellery
 d - an amulet of magic regeneration (around neck)
 o - the ring "Icoez" (left branch) {+Blink rF+ rC+ rN+ Int+4}
   (You found it on level 2 of the Lair of Beasts)

   [ring of positive energy]

   Int+4:     It affects your intelligence (+4).
   rF+:       It protects you from fire.
   rC+:       It protects you from cold.
   rN+:       It protects you from negative energy.
   +Blink:    It lets you blink.
 x - a ring of willpower (right branch)
 I - the ring "Dugy" {rElec rC+ Str+6 Dex+2}
   (You found it in a Gauntlet)

   [ring of strength]

   Str+6:     It affects your strength (+6).
   Dex+2:     It affects your dexterity (+2).
   rC+:       It protects you from cold.
   rElec:     It insulates you from electricity.
 R - a ring of ice
 V - the ring of Nudasm Luef {rF+ MP+9 Str+2}
   (You found it on level 5 of the Lair of Beasts)

   [ring of magical power]

   Str+2:     It affects your strength (+2).
   rF+:       It protects you from fire.
   MP+9:      It affects your magic capacity (+9).
Wands
 l - a wand of polymorph (2)
 A - a wand of mindburst (35)
 E - a wand of roots (5)
 L - a wand of digging (7)
 N - a wand of charming (44)
 O - a wand of quicksilver (19)
 S - a wand of flame (31)
Scrolls
 f - 7 scrolls of poison
 h - 2 scrolls of silence
 j - 3 scrolls of enchant weapon
 k - 8 scrolls of teleportation
 n - 6 scrolls of immolation
 w - 8 scrolls of vulnerability
 y - 8 scrolls of enchant armour
 z - 6 scrolls of fear
 C - 7 scrolls of amnesia
 D - 5 scrolls of blinking
 J - a scroll of brand weapon
 K - 6 scrolls of fog
 U - a scroll of torment
 W - a scroll of butterflies
 X - a scroll of revelation
Potions
 b - a potion of magic
 c - 5 potions of attraction
 e - 9 potions of mutation
 g - 4 potions of brilliance
 i - 4 potions of invisibility
 m - 10 potions of resistance
 r - 12 potions of curing
 s - 2 potions of haste
 t - 11 potions of enlightenment
 u - 4 potions of berserk rage
 v - 2 potions of might
 B - 10 potions of heal wounds
 Q - a potion of cancellation
Miscellaneous
 Z - a phantom mirror


   Skills:
 - Level 11.1 Fighting
 - Level 8.4 Staves
 - Level 13.3 Dodging
 - Level 15.0 Stealth
 + Level 14.1 Spellcasting
 - Level 10.2 Conjurations
 - Level 6.0 Summonings
 - Level 7.8 Necromancy
 - Level 15.0 Ice Magic
 - Level 13.9 Air Magic
 + Level 4.0 Earth Magic
 - Level 5.4 Invocations


You had 5 spell levels left.
You knew the following spells:

 Your Spells              Type           Power      Damage    Failure   Level
a - Hailstorm             Conj/Ice       96%        3d15      1%          3
b - Frozen Ramparts       Ice            100%       1d16      1%          3
c - Ozocubu's Armour      Ice            100%       N/A       1%          3
d - Summon Ice Beast      Ice/Summ       89%        N/A       1%          3
e - Freezing Cloud        Conj/Ice/Air   49%        6-21      2%          5
f - Summon Lightning Spi  Summ/Air       68%        N/A       3%          4
g - Animate Dead          Necr           60%        N/A       5%          4
h - Dispel Undead         Necr           60%        3d21      5%          4
i - Conjure Ball Lightni  Conj/Air       37%        3x3d12    10%         6
j - Permafrost Eruption   Ice/Erth       42%        2x4d10    21%         6

Your spell library contained the following spells:

 Spells                   Type           Power      Damage    Failure   Level
 Freeze                   Ice            100%       1d10      1%          1
 Kiss of Death            Conj/Necr      100%       2d13      1%          1
 Magic Dart               Conj           100%       1d8       1%          1
 Necrotise                Necr           100%       1d9       1%          1
 Shock                    Conj/Air       100%       1d9       1%          1
 Searing Ray              Conj           100%       2d8       1%          2
 Cigotuvi's Dreadful Rot  Necr/Alch/Air  100%       N/A       2%          2
 Ensorcelled Hibernation  Hex/Ice        100%       N/A       2%          2
 Mercury Vapours          Alch/Air       100%       N/A       2%          2
 Fugue of the Fallen      Necr           60%        N/A       2%          3
 Mephitic Cloud           Conj/Alch/Air  61%        N/A       2%          3
 Momentum Strike          Conj/Tloc      100%       3d10      3%          2
 Call Canine Familiar     Summ           53%        N/A       4%          3
 Iskenderun's Battlesphe  Conj           68%        2d12      5%          5
 Brom's Barrelling Bould  Conj/Erth      58%        2d7       6%          4
 Martyr's Knell           Necr/Summ      57%        N/A       6%          4
 Curse of Agony           Necr           60%        N/A       10%         5
 Animate Armour           Summ/Erth      98%        N/A       11%         4
 Fulminant Prism          Conj/Alch      25%        3d14      11%         4
 Iskenderun's Mystic Bla  Conj/Tloc      50%        2d11      (+2d611%    4
 Metabolic Englaciation   Hex/Ice        38%        N/A       11%         5
 Blink                    Tloc           40%        N/A       12%         2
 Lesser Beckoning         Tloc           40%        N/A       12%         2
 Anguish                  Hex/Necr       21%        N/A       14%         4
 Borgnjor's Vile Clutch   Necr/Erth      26%        N/A       17%         5
 Summon Blazeheart Golem  Fire/Summ      38%        N/A       19%         4
 Confusing Touch          Hex            20%        N/A       21%         3
 Inner Flame              Hex/Fire       20%        N/A       21%         3
 Sigil of Binding         Hex            20%        N/A       21%         3
 Tukima's Dance           Hex            20%        N/A       21%         3
 Volatile Blastmotes      Fire/Tloc      40%        2d13      21%         3
 Fireball                 Conj/Fire      25%        3d11      22%         5
 Leda's Liquefaction      Alch/Erth      16%        N/A       26%         4
 Petrify                  Alch/Erth      32%        N/A       26%         4
 Summon Forest            Summ/Tloc      19%        N/A       41%         5
 Summon Mana Viper        Hex/Summ       38%        N/A       41%         5
 Cause Fear               Hex            10%        N/A       45%         4
 Dimensional Bullseye     Hex/Tloc       10%        N/A       45%         4
 Ignite Poison            Fire/Alch      20%        N/A       45%         4
 Olgreb's Toxic Radiance  Alch           20%        N/A       45%         4
 Passage of Golubria      Tloc           20%        N/A       45%         4
 Alistair's Intoxication  Alch           13%        N/A       77%         5
 Yara's Violent Unravell  Hex/Alch       10%        3d6       77%         5
 Death Channel            Necr           30%        N/A       34%         6
 Sculpt Simulacrum        Ice/Alch       38%        N/A       36%         6
 Bombard                  Conj/Erth      29%        9d5       41%         6
 Plasma Beam              Fire/Air       28%        2x1d41    43%         6
 Orb of Destruction       Conj           34%        9d10      52%         7
 Summon Cactus Giant      Summ           26%        N/A       54%         6
 Starburst                Conj/Fire      25%        6d8       63%         6
 Spellforged Servitor     Conj/Summ      30%        N/A       78%         7
 Haunt                    Necr/Summ      28%        N/A       90%         7
 Summon Hydra             Summ           26%        N/A       96%         7
 Eringya's Noxious Bog    Alch           10%        4d6       99%         6
 Gell's Gavotte           Tloc           10%        2d(16-23) 99%         6
 Manifold Assault         Tloc           10%        N/A       100%        7
 Disjunction              Tloc           10%        N/A       100%        8
 Infestation              Necr           30%        N/A       100%        8
 Chain Lightning          Conj/Air       37%        3d49      100%        9
 Borgnjor's Revivificati  Necr           Unusable   N/A       N/A         8
 Death's Door             Necr           Unusable   N/A       N/A         9

Dungeon Overview and Level Annotations

Branches:
Dungeon (15/15)            Temple (1/1) D:5            Lair (5/5) D:11
  Swamp (4/4) Lair:2        Snake (4/4) Lair:2        Slime (0/5) Lair:4
    Orc (2/2) D:10            Elf (1/3) Orc:2        Vaults (3/5) D:13
  Crypt (0/3) Vaults:2     Depths (0/4) D:15          Sewer (visited)
Volcano (visited)         Gauntlet (visited)

Altars:
Ashenzari
Cheibriados
Dithmenos
Fedhas
Gozag
Hepliaklqana
Kikubaaqudgha
Makhleb
Nemelex Xobeh
Okawaru
Qazlal
Ru
Sif Muna
Trog
Uskayaw
Vehumet
Wu Jian
Xom
Yredelemnul
Beogh

Shops:
D:3 (   D:4 (   D:5 !   D:15 *   Orc:2 :**   Snake:3 =*   Vaults:1 [

Annotations:
D:7 exclusion: statue
D:9 1 runed translucent door, Orlauf's ghost, journeyman DsGl
Lair:1 exclusions: door, oklob plant and 1 more exclusion
Lair:3 Rupert
Swamp:1 2 transporters, timneilson's ghost, adept OpSh
Snake:1 Donald; Mlioglotl


Innate Abilities, Weirdness & Mutations

You are a tree.
Your roots penetrate the ground, keeping you stationary.
You cannot be teleported.
You are immune to unholy pain and torment.
Your maximum health is greatly increased.
Your equipment is partially melded.
Your natural rate of healing is accelerated.
((You have razor-sharp teeth.))
You have supernaturally acute eyesight. (SInv)
You are afflicted with vampirism and can become a bat while bloodless.


Message History

You create some ball lightning! 2 ball lightnings come into view.
You feel sick.
Your ball lightning explodes!
The blast of lightning engulfs your ball lightning.
Your ball lightning completely resists.
The blast of lightning engulfs you!!
* * * LOW HITPOINT WARNING * * *
The blast of lightning engulfs the vault warden!!
The vault warden is moderately wounded.
The blast of lightning engulfs your ball lightning.
Your ball lightning completely resists.
The blast of lightning engulfs the ironbound preserver!!
The ironbound preserver is severely wounded.
The blast of lightning engulfs your ball lightning.
Your ball lightning completely resists.
The wall freezes the vault warden.
The vault warden hits you with a +2 war axe of electrocution!
* * * LOW HITPOINT WARNING * * *
The vault warden hits your ball lightning with a +2 war axe of electrocution!
The vault warden hits your ball lightning with a +2 war axe of electrocution!!
Your ball lightning explodes!
The blast of lightning engulfs the vault warden!
The vault warden is moderately wounded.
The blast of lightning engulfs the ironbound preserver!!
The ironbound preserver is almost dead.
The blast of lightning engulfs you!!
* * * LOW HITPOINT WARNING * * *
You kill the ironbound preserver!
Sif Muna accepts your kill.
Your ball lightning explodes!
The blast of lightning engulfs the vault warden!!
The vault warden is severely wounded.
The blast of lightning engulfs you!!
* * * LOW HITPOINT WARNING * * *
The blast of lightning engulfs your ball lightning.
Your ball lightning completely resists.
Your ball lightning explodes!
The blast of lightning engulfs you!
You die...

###+######
.........#
#..[<.#
#.....#
#####.#
#§.♣p)#
#####J#
#).)#
#...#
+...#
#...#
....#
##+### ..
..


You could see a formless jellyfish (sheltered) and a vault warden (sheltered).

Vanquished Creatures
  A sphinx (Vaults:2)
  A thorn hunter (Swamp:4)
  Gastronok (D:8)
  Kirke (Lair:5)
  Aizul (Vaults:1)
  The ghost of Dunag the Warrior, a journeyman MiFi of Ru (D:14)
  A deep elf sorcerer (Elf:1)
  A revenant (Vaults:2)
  8 nagarajas (Snake:4)
  3 vault wardens (Vaults:1)
  A deep elf elementalist (Elf:1)
  6 ironbound preservers
  A frost giant (D:15)
  An ironbound thunderhulk (Vaults:1)
  3 ghouls (Swamp:4)
  2 very ugly things (D:15)
  A formless jellyfish (Vaults:2)
  4 eleionomae
  A bunyip (Swamp:3)
  2 dire elephants (Vaults:2)
  A deep elf annihilator (Elf:1)
  An entropy weaver (shapeshifter) (D:13)
  A fire dragon (Lair:5)
  A shambling mangrove (Swamp:4)
  The ghost of DeathSocks the Placeless Vine Stalker, a journeyman VSDe of Yredelemnul (Lair:2)
  4 vault guards (Vaults:1)
  3 yaktaur captains
  Fannar (Lair:3)
  A ghost crab (Swamp:2)
  A spriggan air mage (Swamp:4)
  24 hydras
  8 centaur warriors
  A salamander tyrant (Snake:4)
  A catoblepas (Lair:1)
  8 anacondas
  5 alligators
  2 ironbound frosthearts
  A dancing weapon (Elf:1)
  3 boulder beetles
  4 two-headed ogres
  A death knight (D:15)
  3 occultists (D:15)
  5 tengu warriors
  3 orc high priests (Orc:2)
  A vampire mage (D:15)
  14 naga sharpshooters
  Urug (D:12)
  3 hell knights
  A spriggan berserker (Swamp:4)
  2 shock serpents (Snake:3)
  A soul eater (Vaults:2)
  A deep elf knight (Elf:1)
  11 naga warriors
  Sonja (Lair:3)
  Nergalle (Lair:3)
  5 salamander mystics
  A skyshark (Lair:5)
  8 skeletal warriors (D:15)
  6 goliath frogs
  7 swamp dragons
  A fire crab (Gauntlet)
  18 deep trolls
  6 naga ritualists
  2 flayed ghosts (D:15)
  4 spriggan druids
  7 mana vipers
  4 ironbound convokers (Vaults:2)
  A bog body (Swamp:4)
  2 arcanists
  4 necromancers
  2 obsidian bats (Orc:2)
  4 deep elf zephyrmancers (Elf:1)
  A stone giant zombie (D:14)
  An orc knight (Orc:2)
  5 lindwurms
  An ugly thing zombie (D:12)
  2 sphinx simulacra (D:15)
  19 ugly things
  3 orc sorcerers (Orc:2)
  4 cyclopes
  5 deep elf pyromancers
  2 manticores
  A wolf spider (Lair:5)
  8 will-o-the-wisps
  An oklob plant (Lair:2)
  9 salamanders
  An elephant (D:11)
  13 naga magi
  9 vault sentinels
  31 black mambas
  4 kobold blastminers (Orc:2)
  2 guardian serpents
  A smoke demon (Gauntlet)
  A gargoyle (D:11)
  4 torpor snails (Lair:5)
  17 cane toads
  8 komodo dragons
  A rime drake (Lair:2)
  A spectral human (D:14)
  A spark wasp simulacrum (D:14)
  A freezing wraith (D:15)
  5 yaktaurs
  4 tengu conjurers (D:15)
  3 trolls
  22 hornets
  17 blink frogs
  An ettin zombie (D:14)
  2 spriggan zombies (D:15)
  8 tyrant leeches
  Prince Ribbit (D:7)
  14 slime creatures
  3 dream sheep (Lair:3)
  A centaur simulacrum (D:15)
  A black mamba zombie (Snake:3)
  3 fire dragon skeletons (D:15)
  11 wyverns
  3 shadows
  48 yaks
  4 fire bats (Gauntlet)
  9 spriggans
  2 wraiths
  A human (Lair:5)
  A water elemental (Elf:1)
  A steam dragon (D:4)
  6 hogs (Lair:5)
  3 redbacks (Lair:5)
  5 basilisks
  A warg (Orc:2)
  12 swamp worms
  39 nagas
  2 tengu zombies
  11 vampire mosquitoes
  4 acid dragons
  25 water moccasins
  2 hell hounds (Lair:1)
  8 swamp drakes
  15 orc warriors
  A black bear (D:6)
  An ettin simulacrum (D:14)
  A sky beast (D:6)
  10 boggarts (D:14)
  A crocodile (Sewer)
  6 wolves (Lair:4)
  5 ogres
  18 centaurs
  3 phantoms
  A brain worm (Sewer)
  3 kobold brigands
  17 bullfrogs
  A gnoll sergeant (D:9)
  3 scorpions
  6 killer bees (D:8)
  3 electric eels (D:8)
  A bombardier beetle (D:5)
  8 howler monkeys
  3 lava snakes (Lair:2)
  4 crimson imps (Gauntlet)
  7 jellies
  6 hounds
  13 orc priests
  A gnoll bouda (D:7)
  3 boggart zombies (D:14)
  2 iguanas
  25 orc wizards
  A naga zombie (Snake:3)
  Robin (D:3)
  10 gnolls
  17 adders
  A river rat (D:3)
  A shadow imp (D:4)
  2 ufetubi (D:7)
  2 dart slugs
  A ribbon worm (D:2)
  48 orcs
  17 ball pythons
  8 bats
  16 endoplasms
  2 giant cockroaches
  15 goblins
  4 hobgoblins
  2 jackals (D:2)
  18 kobolds
  A quokka (D:3)
  2 frilled lizards
  5 rats
1026 creatures vanquished.

Vanquished Creatures (collateral kills)
  Jorgrun (Snake:3)
  Agnes (Snake:1)
  8 nagarajas (Snake:4)
  2 fenstrider witches (Swamp:4)
  An ironbound preserver (D:13)
  A dire elephant (Vaults:2)
  4 bunyips
  A minotaur (Gauntlet)
  4 hydras
  A salamander tyrant (Snake:4)
  A jorogumo (D:14)
  An alligator (Swamp:1)
  An ironbound frostheart (Vaults:1)
  A catoblepas (Lair:4)
  A centaur warrior (D:13)
  2 two-headed ogres (D:8)
  A dancing weapon (Elf:1)
  5 anacondas
  2 naga sharpshooters
  12 naga warriors
  A spectral spriggan (D:14)
  2 salamander mystics (Snake:4)
  A goliath frog (Swamp:4)
  An arcanist (D:13)
  3 naga ritualists (Snake:4)
  A bog body (Swamp:1)
  A necromancer (D:15)
  A mana viper (Snake:3)
  2 deep elf zephyrmancers (Elf:1)
  2 thermic dynamos (Elf:1)
  3 orc knights (Orc:2)
  2 manticores
  A will-o-the-wisp (Swamp:1)
  2 ugly things
  A cyclops (D:13)
  6 salamanders
  4 naga magi
  A vault sentinel (Vaults:2)
  9 black mambas
  2 slime creatures (Vaults:1)
  A cane toad (Lair:5)
  2 freezing wraiths
  An unseen horror (D:13)
  7 komodo dragons
  A tyrant leech (Swamp:3)
  A wolf spider simulacrum (D:14)
  2 hornets
  A shadow dragon simulacrum (D:14)
  A blink frog (Lair:5)
  2 dream sheep (Lair:3)
  A frost giant simulacrum (D:14)
  A spriggan (Swamp:1)
  5 yaks
  A wyvern (Lair:5)
  3 basilisks
  A wraith (D:12)
  A steam dragon (D:9)
  A glowing shapeshifter zombie (D:14)
  14 nagas
  4 water moccasins (Lair:5)
  3 swamp worms (Swamp:2)
  2 nameless horrors
  3 swamp drakes (Swamp:4)
  An ice beast (D:7)
  A black bear (Lair:4)
  4 centaurs
  A bullfrog (Lair:2)
  2 orc priests (Orc:2)
  A jelly (D:6)
  2 orc wizards
  3 gnolls (D:9)
  11 orcs
182 creatures vanquished.

Vanquished Creatures (others)
  A mana viper (Snake:2)
  An ugly thing zombie (D:14)
  A human zombie (D:13)
  2 black mamba zombies (Snake:4)
  An elf zombie (D:15)
  A manticore zombie (D:13)
  A komodo dragon zombie (D:12)
  2 cyclops zombies
  3 centaur zombies (D:14)
  3 boggart zombies (D:14)
  6 naga zombies
  116 ball lightnings
  26 foxfires
164 creatures vanquished.

Grand Total: 1372 creatures vanquished

Notes
Turn   | Place    | Note
-------+----------+-------------------------------------------
     0 | D:1      | eibelandr the Vampire Ice Elementalist began the quest for
                  | the Orb.
     0 | D:1      | Reached XP level 1. HP: 13/13 MP: 3/3
   238 | D:1      | Reached XP level 2. HP: 19/19 MP: 3/5
   881 | D:2      | Gained mutation: You are afflicted with vampirism and can
                  | become a bat while bloodless. [Vampire growth]
   881 | D:2      | Reached XP level 3. HP: 24/24 MP: 1/6
  1110 | D:2      | Learned a level 3 spell: Frozen Ramparts
  1114 | D:2      | Learned a level 3 spell: Ozocubu's Armour
  1175 | D:2      | Reached skill level 5 in Ice Magic
  1404 | D:3      | Found a broken altar of Ashenzari.
  1525 | D:3      | Reached XP level 4. HP: 30/30 MP: 1/8
  1679 | D:3      | Found a blossoming altar of Fedhas.
  1752 | D:3      | Found Daugres's Antique Weapon Boutique.
  1889 | D:3      | Noticed Robin
  1907 | D:3      | Reached XP level 5. HP: 32/35 MP: 4/10
  1908 | D:3      | Killed Robin
  1999 | D:3      | Found a glowing drain.
  2050 | Sewer    | Entered a sewer
  2076 | Sewer    | Noticed a crocodile
  2119 | Sewer    | Learned a level 3 spell: Summon Ice Beast
  2137 | Sewer    | Killed a crocodile
  2138 | Sewer    | Reached XP level 6. HP: 41/41 MP: 4/12
  2837 | D:4      | Noticed a steam dragon
  2844 | D:4      | Killed a steam dragon
  2845 | D:4      | Reached skill level 5 in Spellcasting
  2952 | D:4      | Found Ratir's Antique Weapon Boutique.
  2969 | D:4      | Reached XP level 7. HP: 46/46 MP: 10/14
  3510 | D:4      | Found a basalt altar of Yredelemnul.
  4059 | D:5      | Entered Level 5 of the Dungeon
  4106 | D:5      | Found a sparkling altar of Nemelex Xobeh.
  4147 | D:5      | Found Osoer's Distillery.
  4152 | D:5      | Bought a potion of curing for 42 gold pieces
  4152 | D:5      | Bought a potion of heal wounds for 70 gold pieces
  4501 | D:5      | Found a staircase to the Ecumenical Temple.
  4577 | Temple   | Entered the Ecumenical Temple
  4684 | D:5      | Reached XP level 8. HP: 47/52 MP: 14/17
  5724 | D:6      | Noticed a slime creature
  5742 | D:6      | Reached XP level 9. HP: 57/57 MP: 15/20
  5931 | D:6      | Found a shimmering blue altar of Sif Muna.
  5937 | D:6      | Found a bloodstained altar of Trog.
  5986 | D:6      | Became a worshipper of Sif Muna the Loreminder
  6123 | D:6      | Found a hide-covered altar of Uskayaw.
  6355 | D:7      | Found a radiant altar of Vehumet.
  6494 | D:7      | Noticed Prince Ribbit
  6503 | D:7      | Killed Prince Ribbit
  6504 | D:7      | Reached skill level 10 in Ice Magic
  7231 | D:8      | Reached * piety under Sif Muna
  7340 | D:8      | Noticed a two-headed ogre
  7349 | D:8      | Killed a two-headed ogre
  7350 | D:8      | Reached skill level 10 in Spellcasting
  7350 | D:8      | Reached XP level 10. HP: 63/63 MP: 17/24
  7775 | D:8      | Noticed Gastronok
  7820 | D:8      | Killed Gastronok
  7821 | D:8      | Reached skill level 1 in Summonings
  7992 | D:8      | Noticed a two-headed ogre
  8002 | D:8      | Killed a two-headed ogre
  9074 | D:9      | Noticed a brown ugly thing
  9390 | D:9      | Killed a brown ugly thing
  9644 | D:9      | Reached XP level 11. HP: 65/68 MP: 16/26
  9778 | D:9      | Found a runed translucent door.
  9778 | D:9      | Noticed Orlauf's ghost (journeyman DsGl)
 10324 | D:10     | Entered Level 10 of the Dungeon
 10333 | D:10     | Noticed a two-headed ogre
 10341 | D:10     | Killed a two-headed ogre
 10476 | D:10     | Found a shimmering altar of Xom.
 10603 | D:10     | Reached skill level 1 in Fighting
 10959 | D:10     | Found a roughly hewn altar of Beogh.
 10959 | D:10     | Found a staircase to the Orcish Mines.
 11147 | D:10     | Reached ** piety under Sif Muna
 11591 | D:11     | Noticed a red ugly thing
 11600 | D:11     | Killed a red ugly thing
 11601 | D:11     | Reached skill level 5 in Stealth
 12177 | D:11     | Reached skill level 5 in Dodging
 12334 | D:11     | Found a staircase to the Lair.
 12434 | D:11     | Reached *** piety under Sif Muna
 12726 | D:11     | Learned a level 5 spell: Freezing Cloud
 12817 | Lair:1   | Entered Level 1 of the Lair of Beasts
 12859 | Lair:1   | Reached skill level 1 in Air Magic
 13020 | Lair:1   | Identified 3 scrolls of acquirement
 13026 | Lair:1   | Acquired the +5 lajatang "Jorimeol" {freeze, rN+ Will++}
 13028 | Lair:1   | Acquired a staff of cold
 13031 | Lair:1   | Acquired 264 gold pieces
 13160 | Lair:1   | Reached XP level 12. HP: 75/83 MP: 15/27
 13255 | Lair:1   | Reached skill level 5 in Air Magic
 13341 | Lair:1   | Found a blossoming altar of Fedhas.
 13384 | Lair:1   | Found a dark tunnel.
 13394 | Volcano  | Entered a volcano
 14000 | Lair:1   | Noticed a catoblepas
 14019 | Lair:1   | Killed a catoblepas
 14020 | Lair:1   | Reached skill level 1 in Conjurations
 14731 | Lair:2   | Found a runed translucent door.
 14732 | Lair:2   | Noticed DeathSocks's ghost (journeyman VSDe)
 14868 | Lair:2   | Found a staircase to the Snake Pit.
 15031 | Lair:2   | Found a staircase to the Swamp.
 15044 | Lair:2   | Reached **** piety under Sif Muna
 15819 | Lair:2   | Reached XP level 13. HP: 84/88 MP: 14/28
 15825 | Lair:2   | Killed DeathSocks's ghost
 15826 | Lair:2   | Reached skill level 10 in Air Magic
 15963 | Lair:2   | Identified the ring "Icoez" {+Blink rF+ rC+ rN+ Int+4}
 16059 | Lair:3   | Noticed Rupert
 16153 | Lair:3   | Noticed Nergalle
 16169 | Lair:3   | Killed Nergalle
 16170 | Lair:3   | Reached skill level 5 in Conjurations
 16362 | Lair:3   | Noticed Sonja
 16375 | Lair:3   | Killed Sonja
 16844 | Lair:3   | Noticed Fannar
 16855 | Lair:3   | Killed Fannar
 16999 | Lair:3   | Identified the +2 ring mail "Apni" {Int+2}
 17046 | Lair:3   | Reached skill level 5 in Fighting
 17581 | Lair:4   | Found a staircase to the Slime Pits.
 17648 | Lair:4   | Reached ***** piety under Sif Muna
 17727 | Lair:4   | Reached skill level 10 in Stealth
 18688 | Lair:5   | Entered Level 5 of the Lair of Beasts
 18835 | Lair:5   | Noticed Kirke
 18843 | Lair:5   | Killed Kirke
 19185 | Lair:5   | Identified the ring of Nudasm Luef {rF+ MP+9 Str+2}
 19352 | Lair:5   | Reached XP level 14. HP: 99/101 MP: 15/29
 19583 | Lair:5   | Received a gift from Sif Muna
 19670 | Lair:5   | Got Sif Muna's Elucidation of Exhalation and Decomposition
                  | {god gift}
 20026 | Lair:5   | Identified the +3 ring mail of the Zebra {rElec rC+ Str+2
                  | Slay-6}
 21997 | D:10     | Learned a level 4 spell: Summon Lightning Spire
 22143 | Orc:1    | Entered Level 1 of the Orcish Mines
 22527 | Orc:2    | Entered Level 2 of the Orcish Mines
 22911 | Orc:2    | Found a gate leading to a gauntlet.
 22920 | Gauntlet | Entered a Gauntlet
 22920 | Gauntlet | Found a transporter.
 22920 | Gauntlet | Found a transporter.
 22920 | Gauntlet | Found a transporter.
 22962 | Gauntlet | Found a transporter.
 22965 | Gauntlet | Found a transporter.
 22976 | Gauntlet | Found a transporter.
 22982 | Gauntlet | Found a transporter.
 22984 | Gauntlet | Found a transporter.
 22997 | Gauntlet | Found a transporter.
 22997 | Gauntlet | Noticed a reaper
 23018 | Gauntlet | Found a transporter.
 23044 | Gauntlet | Found a transporter.
 23115 | Gauntlet | Found a transporter.
 23258 | Gauntlet | Learned a level 3 spell: Hailstorm
 23659 | Gauntlet | Reached skill level 5 in Summonings
 23863 | Gauntlet | Identified the ring "Dugy" {rElec rC+ Str+6 Dex+2}
 23887 | Gauntlet | Identified the +7 ring mail of the Bouncing Realms {Str+3
                  | Stlth+}
 23896 | Gauntlet | Received a gift from Sif Muna
 23949 | Gauntlet | Got Sif Muna's Teachings on Left-Handed Liturgies and
                  | Toxicants {god gift}
 24383 | Orc:2    | Found Itimiept's Magic Scroll Shop.
 24383 | Orc:2    | Found Sysel's Book Emporium.
 24385 | Orc:2    | Found Masafo's Assorted Antiques.
 24385 | Orc:2    | Found Ativvum's General Store.
 24391 | Orc:2    | Bought a scroll of identify for 22 gold pieces
 24391 | Orc:2    | Bought a scroll of identify for 22 gold pieces
 24396 | Orc:2    | Bought a scroll of identify for 30 gold pieces
 24396 | Orc:2    | Bought a scroll of identify for 30 gold pieces
 24625 | Orc:2    | Bought a book of Dangerous Friends for 588 gold pieces
 24628 | Orc:2    | Bought a golden potion for 16 gold pieces
 24803 | Orc:2    | Found a staircase to the Elven Halls.
 24897 | Orc:2    | Bought a scroll of enchant armour for 112 gold pieces
 24900 | Orc:2    | Bought a scroll of fear for 44 gold pieces
 24900 | Orc:2    | Bought a scroll of fear for 44 gold pieces
 24900 | Orc:2    | Bought a scroll of blinking for 82 gold pieces
 24901 | Orc:2    | Bought a scroll of immolation for 44 gold pieces
 25114 | Snake:1  | Entered Level 1 of the Snake Pit
 25176 | Snake:1  | Reached skill level 1 in Invocations
 25177 | Snake:1  | Reached XP level 15. HP: 86/110 MP: 19/31
 25185 | Snake:1  | Upgraded the game from 0.32-a0-918-g0f22ef8d61 to
                  | 0.32-a0-928-g1cae6b7ea0
 26197 | Snake:1  | Noticed Mlioglotl
 26435 | Snake:1  | Noticed Agnes
 26441 | Snake:1  | Killed Agnes
 27201 | Snake:1  | Noticed Donald
 27282 | Snake:2  | Reached skill level 5 in Invocations
 27300 | Snake:2  | Reached skill level 15 in Stealth
 27364 | Snake:1  | Learned a level 4 spell: Animate Dead
 27520 | Snake:2  | Reached skill level 1 in Necromancy
 28184 | Snake:2  | Reached skill level 5 in Necromancy
 29751 | Snake:3  | Received a gift from Sif Muna
 29952 | Snake:3  | Noticed Jorgrun
 29966 | Snake:3  | Killed Jorgrun
 30130 | Snake:3  | Reached skill level 10 in Dodging
 30180 | Snake:3  | Reached XP level 16. HP: 84/117 MP: 20/33
 30338 | Snake:3  | Found Reray's Assorted Antiques.
 30349 | Snake:3  | Found Mitailen's Jewellery Emporium.
 30514 | Snake:3  | Identified the +7 long sword "Idotizi" {protect, rElec
                  | Str+4 Dex+4}
 30889 | Snake:4  | Entered Level 4 of the Snake Pit
 31335 | Swamp:1  | Entered Level 1 of the Swamp
 31694 | D:12     | Identified the +4 whip of Ambiguity {holy, Int+2}
 31891 | D:12     | Noticed Urug
 31902 | D:12     | Killed Urug
 32367 | D:13     | You fall into a shaft and drop 1 floor!
 33117 | D:14     | Found a runed translucent gate.
 33117 | D:14     | Found a runed translucent gate.
 33117 | D:14     | Found a runed translucent gate.
 33123 | D:14     | Noticed Dunag's ghost (journeyman MiFi)
 33555 | D:14     | Received a gift from Sif Muna
 33563 | D:14     | Got Leazuf's Tome of Powerful Ensorcelling {god gift}
 33837 | D:13     | Found a gate to the Vaults.
 33967 | D:13     | Identified the +6 mace of Ipse Dixit {spect, rN++ Str-2
                  | Int+5}
 34853 | D:15     | Entered Level 15 of the Dungeon
 34918 | D:15     | Learned a level 4 spell: Dispel Undead
 35105 | D:15     | Found Figot's Mayhem Merchandise.
 35643 | D:15     | Reached XP level 17. HP: 124/127 MP: 30/34
 35692 | D:15     | Found a staircase to the Depths.
 35860 | D:15     | Reached skill level 10 in Fighting
 36318 | D:14     | Killed Dunag's ghost
 36415 | D:14     | Identified the +0 helmet of Precision Catastrophes {rElec
                  | rCorr}
 36670 | Snake:3  | Bought a distressingly furry scarf for 370 gold pieces
 36670 | Snake:3  | Identified the scarf of Integrity {harm, ^Drain rCorr
                  | Dex+4} (You bought it in a shop on level 3 of the Snake
                  | Pit)
 37024 | Snake:4  | Received a gift from Sif Muna
 39733 | Snake:4  | Received a gift from Sif Muna
 40137 | Snake:4  | Reached skill level 15 in Ice Magic
 40170 | Snake:4  | Got a serpentine rune of Zot
 40587 | Lair:2   | Learned a level 6 spell: Conjure Ball Lightning
 40612 | Swamp:1  | Reached XP level 18. HP: 60/110 MP: 31/35
 41169 | Swamp:1  | Found a transporter.
 41174 | Swamp:1  | Noticed timneilson's ghost (adept OpSh)
 41181 | Swamp:1  | Found a transporter.
 42767 | Swamp:3  | Received a gift from Sif Muna
 42783 | Swamp:3  | Got Sif Muna's Almanac of the Mirage and Fire {god gift}
 43383 | Swamp:4  | Entered Level 4 of the Swamp
 44193 | Swamp:4  | Paralysed by a fenstrider witch for 2 turns
 44303 | Swamp:4  | Paralysed by a fenstrider witch for 4 turns
 44947 | Swamp:4  | Got a decaying rune of Zot
 44970 | Swamp:4  | Reached skill level 10 in Conjurations
 45980 | Elf:1    | Entered Level 1 of the Elven Halls
 46186 | Elf:1    | Received a gift from Sif Muna
 46189 | Elf:1    | Got Sif Muna's Elucidation of Mortification and Direction
                  | {god gift}
 46497 | Elf:1    | Reached skill level 1 in Staves
 47564 | D:15     | Reached XP level 19. HP: 114/114 MP: 27/36
 47656 | D:15     | Got the Omnibus of the Volcano
 47661 | D:15     | Got the Secrets of the Tektite
 47680 | D:15     | Got the Compendium of Despicable Spells
 47810 | Vaults:1 | Entered Level 1 of the Vaults
 48401 | Vaults:1 | Reached skill level 5 in Staves
 48435 | Vaults:1 | Identified the serpent talisman of Woalaz {rN+ Int-5
                  | Slay+2}
 48435 | Vaults:1 | Noticed Aizul
 48447 | Vaults:1 | Killed Aizul
 48665 | Vaults:1 | Found Duicri's Armour Shoppe.
 49037 | Vaults:1 | Upgraded the game from 0.32-a0-928-g1cae6b7ea0 to
                  | 0.32-a0-931-g5a2cda0630
 49923 | Vaults:2 | Found a staircase to the Crypt.
 50122 | Vaults:2 | Received a gift from Sif Muna
 50297 | Vaults:2 | Got Sif Muna's Enchiridion on the Caves and the Wayfarer
                  | {god gift}
 50305 | Vaults:2 | Learned a level 6 spell: Permafrost Eruption
 50352 | Vaults:2 | Reached skill level 1 in Earth Magic
 51556 | Vaults:3 | Paralysed by a formless jellyfish for 1 turns
 51563 | Vaults:3 | HP: 4/214 [spore (24)]
 51563 | Vaults:3 | Killed by an exploding ball lightning

Illustrated notes

Levels and vault maps discovered:
D:1:      scummos_arrival_checkerplants, layout_basic, chequers_avenue
D:2:      layout_basic, kennysheep_nondescript
D:3:      layout_basic, cheibrodos_ashenzari_chains, fedhas_altar_fruit_tree,
          tso_oasis_becter, serial_shops, nicolae_shop_gibbet_a_chance,
          portal_sewer_entry_c, uniq_robin
D:4:      layout_basic, kennysheep_little_box, serial_shops, shop,
          minmay_snake_closets
D:5:      layout_basic, old_standard_altar, minmay_temple_entry_purple_smoke,
          serial_shops, nicolae_shop_advertising_works
          [nicolae_subvault_shop_adworks]
D:6:      lemuel_slime, layout_rooms, hellmonk_overflow_destroyed_library,
          nicolae_uskayaw_dance_studio, minmay_circle_x
D:7:      layout_basic, vehumet_statue, uniq_prince_ribbit1
D:8:      layout_layer_cave, serial_bayou_lagoon_b, uniq_gastronok
D:9:      layout_layer_cave, gammafunk_ghost_grave,
          amcnicky_mini_corridor_feature
D:10:     layout_loops_ring, elyvilon_altar_5, xom_redecorated, david_orc_5
D:11:     layout_roguey, grunt_lair_entry_orc_guard_hut
D:12:     layout_basic, serial_corexii_hall, chequers_hall_statues_wall_a,
          chequers_hall_statues_y, uniq_urug
D:13:     layout_irregular_city, skrybe_vaults_entry_preservation,
          solitary_fountain, minmay_misc_feat_tower
D:14:     hellmonk_paralyzer, layout_basic, gammafunk_ghost_necromancy,
          small_statue_intersection
D:15:     regret_index_condemned_cage, layout_irregular_city,
          minmay_shop_mayhem, grunt_ministairs_1
Temple:   grunt_temple_mini_profane
Lair:1:   layout_misc_corridors, portal_ice_cave_demonic_guard, enter_volcano_3,
          hangedman_tree_tricks
Lair:2:   layout_cave_pods, minmay_swamp_entry_swarm,
          nicolae_snake_entry_warm_welcome, ebering_ghost_inner_flame,
          chequers_serial_rivers_micro_c
Lair:3:   layout_gridlike, infiniplex_staircase_pool_2, grunt_megastairs_5,
          lemuel_fruit_tree, uniq_nergalle, uniq_fannar, uniq_rupert, uniq_sonja
Lair:4:   layout_regular_city, slime_entry_1, grunt_megastairs_3,
          serial_bayou_shore_a
Lair:5:   wormcave, layout_cave_pods, hangedman_lair_tendril_chambers,
          serial_bayou_pond_e, minivault_19, lemuel_fruit_fields, uniq_kirke
Swamp:1:  layout_basic_swamp, gammafunk_ghost_berserking_beasts,
          nicolae_swamp_reclaimed_castle, infiniplex_staircase_pool
Swamp:2:  layout_basic_swamp, evilmike_swamp_ruin_house_2
Swamp:3:  layout_falls_marsh, nicolae_swamp_ascending_descending_big
Swamp:4:  swamp_basic_johnstein, layout_basic_swamp, swamp_pool_1_2,
          cheibrodos_swamp_witchery
Snake:1:  nicolae_snakescales, layout_chambers, serial_bayou_pond_e,
          uniq_donald, uniq_mlioglotl, uniq_agnes
Snake:2:  layout_honeycomb, grunt_megastairs_4
Snake:3:  layout_basic, hangedman_snake_corridor_split, minmay_shop_star,
          uniq_jorgrun
Snake:4:  grunt_snake_rune_spirals, layout_onion
Orc:1:    layout_diamond_mine, minmay_orc_barracks, uniq_erica
Orc:2:    grunt_orc_tribal_feast, layout_caves, gauntlet_entry_generic
Elf:1:    elf_arrival_001, layout_loops_ring, serial_co_window_serial,
          co_window_corner_a, co_window_paths_a, co_window_paths_a,
          co_window_paths_b, co_window_of_opportunity_a, co_window_broadway_a,
          co_window_broadway_a, co_window_2corner, co_window_of_opportunity_c,
          co_window_corner_b, serial_shops, nicolae_shop_overgrown_old_shop,
          nicolae_elf_altarnating
Vaults:1: mu_enter_wizlab_2, nicolae_vaults_swerve, nicolae_vaults_wine_cellar,
          v_misc_28, vaults_mumra_minichess, grunt_vaults_focal,
          nicolae_vaults_taking_the_gang_shopping, layout_vaults_chaotic_city,
          uniq_aizul
Vaults:2: nicolae_vaults_sesquioval_fish, minmay_crypt_entry_simple_corners,
          ontoclasm_vaults_bender, grunt_vaults_hallway_short,
          vaults_dpeg_emergency_exit, layout_vaults_quadrants, uniq_bai_suzhen
Vaults:3: v_alt_pattern_3, v_rooms_2, v_misc_17, v_rooms_6,
          nicolae_vaults_storage_closets_2, v_pattern_4,
          nicolae_vaults_closet_pinwheel_2, grunt_vaults_swirl,
          nicolae_vaults_tetromino_Z_1, ontoclasm_vaults_pinch,
          nicolae_vaults_diamond_1, ontoclasm_vaults_idyll,
          nicolae_vaults_oval_intersection, nicolae_vaults_little_squares_4,
          nicolae_vaults_murder_corner, layout_vaults_omnibox

Skill      XL: |  1  2  3  4  5  6  7  8  9 10 11 12 13 14 15 16 17 18 19 |
---------------+----------------------------------------------------------+-----
Ice Magic      | 5 6 7 9 11 12 14 15 | 15.0
Spellcasting   | 3 4 5 6 7 10 11 12 13 14 | 14.1
Summonings     | 1 2 6 |  6.0
Fighting       | 4 6 7 8 9 11 | 11.1
Stealth        | 8 11 13 15 | 15.0
Dodging        | 5 8 9 10 11 13 | 13.3
Air Magic      | 4 9 11 12 13 | 13.9
Conjurations   | 4 5 10 | 10.2
Invocations    | 1 5 |  5.4
Necromancy     | 7 |  7.8
Staves         | 3 8 |  8.4
Earth Magic    | 4 |  4.0

Action                     |  1- 3 |  4- 6 |  7- 9 | 10-12 | 13-15 | 16-18 | 19-21 || total
---------------------------+-------+-------+-------+-------+-------+-------+-------++-------
  Melee: Dagger            |     8 |    23 |    75 |    79 |    21 |       |       ||   206
         Bite              |     1 |     2 |     8 |    19 |     8 |     5 |     7 ||    50
         Staff             |       |       |       |     2 |    56 |    15 |    11 ||    84
         Lajatang          |       |       |       |       |     1 |    32 |    13 ||    46
   Cast: Freeze            |    42 |    32 |   101 |   166 |   157 |       |       ||   498
         Frozen Ramparts   |     1 |    11 |    38 |    97 |    88 |    49 |    12 ||   296
         Summon Ice Beast  |       |     1 |     7 |    58 |    51 |    23 |       ||   140
         Ozocubu's Armour  |       |       |    13 |    44 |    77 |    87 |    26 ||   247
         Freezing Cloud    |       |       |       |     4 |   207 |   305 |    49 ||   565
         Summon Lightning  |       |       |       |       |    29 |   119 |    13 ||   161
         Hailstorm         |       |       |       |       |     9 |    58 |     4 ||    71
         Animate Dead      |       |       |       |       |     1 |    12 |     1 ||    14
         Dispel Undead     |       |       |       |       |       |    75 |     1 ||    76
         Conjure Ball Ligh |       |       |       |       |       |     5 |    41 ||    46
Ability: Exsanguinate      |       |       |       |       |       |     2 |       ||     2
         Revivify          |       |       |       |       |       |     1 |     1 ||     2
  Evoke: Wand              |       |       |       |     4 |    10 |     4 |     2 ||    20
         Phantom mirror    |       |       |       |       |     1 |     2 |       ||     3
    Use: Scroll            |       |       |       |    17 |    11 |     5 |     2 ||    35
         Potion            |       |       |       |     2 |     4 |     9 |     6 ||    21
   Stab: Sleeping          |     1 |       |       |       |       |       |       ||     1
 Armour: Robe              |    19 |    42 |       |       |       |     5 |       ||    66
         Steam dragon scal |       |       |   136 |   205 |   263 |       |       ||   604
         Leather armour    |       |       |       |    58 |   154 |       |       ||   212
         Ring mail         |       |       |       |       |    11 |   624 |   198 ||   833
         Skin              |       |       |       |       |       |       |    12 ||    12
  Dodge: Dodged            |    26 |    61 |    97 |   212 |   320 |   279 |    67 ||  1062

Table legend: (Time is in decaauts)
 A = Elapsed time spent in this place.
 B = Non-inter-level travel time spent in this place.
 C = Inter-level travel time spent in this place.
 D = Time resting spent in this place.
 E = Time spent auto-exploring this place.
 F = Levels seen in this place.
 G = Mean time per level.
                   A        B        C        D        E       F      G
               +--------+--------+--------+--------+--------+-----+--------+
         Total |  51956 |  47760 |   4196 |   5979 |  31110 |  38 | 1367.3 |
       Dungeon |  19087 |  17427 |   1660 |    891 |  12839 |  15 | 1272.5 |
        Temple |     54 |     28 |     26 |      0 |      0 |   1 |   54.0 |
          Lair |   9278 |   8360 |    918 |    241 |   6464 |   5 | 1855.6 |
         Swamp |   5377 |   5123 |    254 |   1577 |   2477 |   4 | 1344.2 |
     Snake Pit |   9948 |   9165 |    783 |   1397 |   5754 |   4 | 2487.0 |
  Orcish Mines |   1909 |   1606 |    303 |    273 |    871 |   2 |  954.5 |
   Elven Halls |   1084 |   1029 |     55 |    295 |    377 |   1 | 1084.0 |
        Vaults |   3626 |   3433 |    193 |    650 |   2075 |   3 | 1208.7 |
         Sewer |    128 |    128 |      0 |     32 |      0 |   1 |  128.0 |
       Volcano |    410 |    410 |      0 |    111 |     63 |   1 |  410.0 |
      Gauntlet |   1050 |   1050 |      0 |    512 |    189 |   1 | 1050.0 |
               +--------+--------+--------+--------+--------+-----+--------+

Top non-repeatable levels by time:
 Snake:4: 3886 daAuts
  Lair:5: 3012 daAuts
 Snake:1: 2357 daAuts
  Lair:2: 2260 daAuts
Vaults:1: 1970 daAuts
 Swamp:4: 1886 daAuts
 Snake:2: 1863 daAuts
    D:14: 1844 daAuts
 Snake:3: 1839 daAuts
    D:15: 1796 daAuts
     D:8: 1743 daAuts
     D:9: 1706 daAuts
Vaults:2: 1622 daAuts
    D:10: 1576 daAuts
  Lair:4: 1527 daAuts
